[ AOE2 MATCH · #506633531 ]
UnrankedTeutons vs Mapuche
Player's team · LOSS
Rival team · WIN
[ REPLAY ANALYSIS · EXTRACTED FROM THE RECORDED GAME ]
Feudal
11:00
Castle
20:11
Imperial
38:20
| APM avg | 63.3 |
| APM peak | 118 |
| eAPM avg | 39.1 |
| Villagers / military | 401 / 1089 |
Focus
⚔️ 45.7% · 🌾 54.3%
Skirmisher ×462 · Knight ×399 · Trade Cart ×129 · Hand Cannoneer ×63 · Archer ×57 · Scout Cavalry ×53
Feudal
10:33
Castle
21:44
Imperial
38:43
| APM avg | 53.2 |
| APM peak | 130 |
| eAPM avg | 32.2 |
| Villagers / military | 278 / 1098 |
Focus
⚔️ 48.8% · 🌾 51.2%
Spearman ×517 · Skirmisher ×318 · Bolas Rider ×164 · Unknown (2550) ×151 · Trade Cart ×64 · Kona ×41
Match map
Initial resources + every placement click. Lines = walls · curves = elevation contours. ◆ gold · ⬟ stone · ● berries · ✦ relic · ◌ wall gap
Your base· ✓ Closed at 20:11 · 47t walls · 1 gate(s)
Rex Caedis's base· ✓ Closed at 21:44 · 72t walls · 6 gate(s)
Smoothed initial terrain · ◌ = detected wall gap · hover for details
Inputs per minute
— Pirate - - Rex Caedis
Build order — Pirate
First 150 of 1666 actions detected
| 0:00 | Create | Villager (Male) |
| 0:01 | Build | House |
| 0:02 | Build | House |
| 0:09 | Create | Villager (Male) ×3 |
| 1:23 | Create | Villager (Male) |
| 1:55 | Build | Lumber Camp |
| 2:04 | Create | Villager (Male) |
| 2:04 | Create | Villager (Male) |
| 2:22 | Create | Villager (Male) |
| 2:57 | Create | Villager (Male) |
| 3:08 | Create | Villager (Male) |
| 3:09 | Create | Villager (Male) |
| 3:46 | Create | Villager (Male) |
| 3:46 | Create | Villager (Male) |
| 4:13 | Create | Villager (Male) |
| 4:13 | Create | Villager (Male) |
| 4:34 | Create | Villager (Male) |
| 4:44 | Build | Barracks |
| 5:03 | Create | Villager (Male) |
| 5:12 | Build | House |
| 5:22 | Create | Villager (Male) |
| 5:23 | Create | Villager (Male) |
| 5:52 | Create | Militia |
| 5:52 | Create | Militia |
| 6:18 | Create | Villager (Male) |
| 6:18 | Create | Villager (Male) |
| 6:41 | Build | Mill |
| 6:45 | Create | Militia |
| 7:05 | Create | Militia |
| 7:06 | Create | Villager (Male) |
| 7:12 | Build | House |
| 7:30 | Create | Villager (Male) |
| 8:00 | Create | Villager (Male) |
| 8:18 | Research | Loom |
| 8:40 | Research | Feudal Age |
| 9:14 | Build | Mining Camp |
| 9:23 | Build | House |
| 9:24 | Build | Palisade Wall |
| 9:24 | Build | Palisade Wall |
| 10:15 | Create | Villager (Male) |
| 11:00 | Age | Feudal Age |
| 11:02 | Build | Archery Range |
| 11:12 | Research | Double-Bit Axe |
| 11:13 | Research | Horse Collar |
| 11:22 | Create | Villager (Male) |
| 11:22 | Create | Villager (Male) |
| 11:28 | Build | Palisade Wall |
| 11:29 | Build | Palisade Wall |
| 11:46 | Create | Villager (Male) |
| 12:08 | Create | Archer |
| 12:09 | Create | Archer |
| 12:13 | Build | House |
| 12:15 | Build | Palisade Wall |
| 12:18 | Build | Farm |
| 12:18 | Build | Farm |
| 12:19 | Build | Farm |
| 12:22 | Build | Farm |
| 12:23 | Create | Villager (Male) |
| 12:27 | Build | Blacksmith |
| 12:30 | Build | Palisade Wall |
| 12:53 | Create | Archer |
| 12:54 | Create | Villager (Male) |
| 12:57 | Build | Farm |
| 13:12 | Build | Farm |
| 13:16 | Build | Palisade Wall |
| 13:19 | Build | Palisade Wall |
| 13:30 | Create | Villager (Male) |
| 13:52 | Create | Villager (Male) |
| 13:54 | Build | Farm |
| 13:55 | Build | Farm |
| 14:09 | Create | Archer |
| 14:14 | Build | House |
| 14:17 | Build | Palisade Wall |
| 14:22 | Create | Villager (Male) |
| 14:32 | Build | Palisade Wall |
| 14:41 | Create | Villager (Male) |
| 14:42 | Build | Farm |
| 14:43 | Build | Farm |
| 14:44 | Create | Archer |
| 14:51 | Build | House |
| 14:52 | Build | Palisade Wall |
| 15:03 | Build | Farm |
| 15:04 | Create | Villager (Male) |
| 15:15 | Create | Villager (Male) |
| 15:17 | Build | Farm |
| 15:37 | Build | Market |
| 15:44 | Create | Archer |
| 15:46 | Build | Farm |
| 15:48 | Build | Farm |
| 16:10 | Create | Villager (Male) |
| 16:20 | Build | Farm |
| 16:33 | Build | House |
| 16:34 | Create | Villager (Male) |
| 16:50 | Build | Lumber Camp |
| 16:54 | Create | Villager (Male) |
| 17:24 | Create | Archer |
| 17:31 | Research | Castle Age |
| 17:40 | Build | Archery Range |
| 17:44 | Create | Archer |
| 17:51 | Build | House |
| 18:08 | Research | Fletching |
| 18:11 | Research | Gold Mining |
| 18:35 | Build | House |
| 18:37 | Build | House |
| 18:39 | Create | Archer |
| 18:50 | Create | Villager (Male) |
| 19:03 | Create | Archer |
| 19:31 | Create | Archer |
| 19:48 | Build | Palisade Gate |
| 19:51 | Build | House |
| 20:11 | Age | Castle Age |
| 20:12 | Research | Bodkin Arrow |
| 20:15 | Research | Crossbowman (upgrade) |
| 20:18 | Create | Archer |
| 20:18 | Create | Archer |
| 20:25 | Research | Bow Saw |
| 20:36 | Create | Villager (Male) |
| 20:37 | Create | Archer |
| 20:44 | Build | House |
| 20:45 | Build | House |
| 21:00 | Create | Archer |
| 21:00 | Create | Archer |
| 21:03 | Create | Villager (Male) |
| 21:03 | Create | Villager (Male) |
| 21:13 | Build | University |
| 21:27 | Research | Padded Archer Armor |
| 21:48 | Create | Villager (Male) |
| 22:01 | Research | Ballistics |
| 22:12 | Create | Villager (Male) |
| 22:13 | Research | Leather Archer Armor |
| 22:20 | Create | Archer |
| 22:20 | Create | Archer |
| 22:36 | Create | Villager (Male) |
| 22:53 | Build | House |
| 23:00 | Build | Town Center |
| 23:04 | Create | Villager (Male) |
| 23:13 | Build | Town Center |
| 23:23 | Create | Villager (Male) |
| 23:32 | Create | Villager (Male) |
| 23:34 | Build | Farm |
| 23:56 | Create | Archer |
| 23:56 | Create | Archer |
| 24:15 | Create | Villager (Male) |
| 24:16 | Create | Villager (Male) |
| 24:18 | Build | Farm |
| 24:18 | Build | Farm |
| 24:19 | Build | Farm |
| 24:21 | Build | Farm |
| 24:22 | Build | Farm |
| 24:30 | Create | Archer |
Build order — Rex Caedis
First 150 of 991 actions detected
| 0:00 | Create | Villager (Male) |
| 0:00 | Create | Villager (Male) |
| 0:02 | Build | House |
| 0:04 | Build | House |
| 0:07 | Create | Villager (Male) |
| 0:14 | Create | Villager (Male) |
| 1:26 | Create | Villager (Male) |
| 1:48 | Build | Settlement |
| 2:02 | Create | Villager (Male) |
| 2:24 | Create | Villager (Male) |
| 2:45 | Create | Villager (Male) |
| 3:12 | Create | Villager (Male) |
| 3:42 | Create | Villager (Male) |
| 3:42 | Create | Villager (Male) |
| 3:43 | Build | House |
| 3:53 | Create | Villager (Male) |
| 4:40 | Create | Villager (Male) |
| 5:13 | Create | Villager (Male) |
| 5:37 | Create | Villager (Male) |
| 6:02 | Create | Villager (Male) |
| 6:16 | Build | Barracks |
| 6:34 | Create | Villager (Male) |
| 7:07 | Create | Villager (Male) |
| 7:31 | Build | Settlement |
| 7:33 | Create | Villager (Male) |
| 7:41 | Build | Palisade Wall |
| 7:43 | Build | Palisade Wall |
| 7:57 | Research | Loom |
| 8:01 | Build | Palisade Wall |
| 8:02 | Build | Palisade Wall |
| 8:04 | Build | Palisade Wall |
| 8:05 | Build | Palisade Wall |
| 8:23 | Research | Feudal Age |
| 8:24 | Research | Feudal Age |
| 8:27 | Build | Palisade Wall |
| 8:29 | Build | Palisade Wall |
| 8:31 | Build | Palisade Wall |
| 8:57 | Build | Palisade Wall |
| 9:25 | Build | House |
| 9:29 | Build | House |
| 9:48 | Build | Palisade Gate |
| 9:57 | Build | Palisade Gate |
| 9:59 | Build | Palisade Gate |
| 10:04 | Build | Palisade Wall |
| 10:06 | Build | Palisade Wall |
| 10:11 | Create | Villager (Male) |
| 10:19 | Build | House |
| 10:26 | Build | Palisade Gate |
| 10:33 | Age | Feudal Age |
| 10:36 | Build | House |
| 10:38 | Build | Palisade Wall |
| 10:46 | Build | Palisade Gate |
| 11:09 | Create | Villager (Male) |
| 11:17 | Create | Villager (Male) |
| 11:46 | Create | Villager (Male) |
| 11:55 | Build | Palisade Wall |
| 12:08 | Create | Villager (Male) |
| 12:14 | Build | Archery Range |
| 12:28 | Build | Farm |
| 12:36 | Create | Villager (Male) |
| 12:43 | Create | Villager (Male) |
| 12:45 | Create | Archer |
| 12:56 | Research | Wheelbarrow |
| 13:01 | Create | Skirmisher |
| 13:03 | Research | Double-Bit Axe |
| 13:06 | Research | Horse Collar |
| 13:09 | Create | Villager (Male) |
| 13:13 | Build | Farm |
| 13:19 | Create | Villager (Male) |
| 13:41 | Create | Villager (Male) |
| 13:49 | Build | Palisade Wall |
| 14:02 | Build | Settlement |
| 14:04 | Build | Farm |
| 14:05 | Build | Farm |
| 14:05 | Create | Villager (Male) |
| 14:09 | Build | Farm |
| 14:10 | Build | Farm |
| 14:34 | Create | Villager (Male) |
| 14:46 | Build | Market |
| 14:48 | Build | House |
| 14:51 | Build | Stone Wall |
| 15:03 | Create | Villager (Male) |
| 15:21 | Build | House |
| 15:30 | Create | Villager (Male) |
| 15:38 | Build | Farm |
| 15:43 | Build | Farm |
| 15:45 | Build | Farm |
| 15:50 | Build | Farm |
| 15:55 | Build | Farm |
| 15:55 | Create | Villager (Male) |
| 16:15 | Build | Farm |
| 16:17 | Create | Villager (Male) |
| 16:26 | Build | Farm |
| 16:44 | Create | Villager (Male) |
| 16:48 | Build | Gate |
| 16:48 | Build | Stone Wall |
| 16:49 | Build | Stone Wall |
| 16:52 | Build | Stone Wall |
| 16:57 | Build | Settlement |
| 17:07 | Research | Wheelbarrow |
| 17:31 | Create | Skirmisher |
| 17:39 | Build | Stone Wall |
| 17:39 | Build | Stone Wall |
| 17:40 | Build | Stone Wall |
| 17:40 | Build | Stone Wall |
| 17:55 | Build | Stone Wall |
| 18:05 | Build | Stone Wall |
| 18:13 | Build | Farm |
| 18:14 | Build | Farm |
| 18:17 | Build | Farm |
| 18:37 | Build | Farm |
| 18:38 | Create | Villager (Male) |
| 18:40 | Build | Farm |
| 19:02 | Research | Castle Age |
| 19:19 | Build | Stone Wall |
| 19:21 | Build | Stone Wall |
| 19:27 | Build | Stone Wall |
| 19:27 | Build | Stone Wall |
| 19:30 | Build | Stone Wall |
| 19:34 | Build | Stone Wall |
| 19:36 | Build | Stone Wall |
| 19:51 | Build | Stone Wall |
| 19:52 | Build | Stone Wall |
| 19:53 | Build | Stone Wall |
| 19:53 | Build | Stone Wall |
| 19:54 | Build | Stone Wall |
| 20:01 | Build | Archery Range |
| 20:05 | Research | Gold Mining |
| 20:34 | Build | Blacksmith |
| 21:06 | Create | Villager (Male) |
| 21:16 | Build | House |
| 21:18 | Build | House |
| 21:22 | Research | Fletching |
| 21:22 | Research | Padded Archer Armor |
| 21:40 | Research | Town Watch |
| 21:44 | Age | Castle Age |
| 21:46 | Build | Siege Workshop |
| 21:51 | Research | Bow Saw |
| 21:51 | Research | Bow Saw |
| 21:55 | Create | Villager (Male) |
| 22:11 | Create | Mangonel |
| 22:23 | Create | Villager (Male) |
| 22:36 | Create | Bolas Rider |
| 22:42 | Create | Villager (Male) |
| 22:55 | Create | Villager (Male) |
| 22:58 | Create | Bolas Rider |
| 23:13 | Create | Villager (Male) |
| 23:17 | Create | Villager (Male) |
| 23:20 | Build | Town Center |
| 23:34 | Build | House |
Match timeline
| 4:44 | Pirate · first_building Barracks |
| 6:16 | Rex Caedis · first_building Barracks |
| 7:41 | Rex Caedis · wall_segment Palisade Wall x1 |
| 7:43 | Rex Caedis · wall_segment Palisade Wall x1 |
| 8:01 | Rex Caedis · wall_segment Palisade Wall x1 |
| 8:02 | Rex Caedis · wall_segment Palisade Wall x1 |
| 8:04 | Rex Caedis · wall_segment Palisade Wall x1 |
| 8:05 | Rex Caedis · wall_segment Palisade Wall x1 |
| 8:27 | Rex Caedis · wall_segment Palisade Wall x1 |
| 8:29 | Rex Caedis · wall_segment Palisade Wall x1 |
| 8:31 | Rex Caedis · wall_segment Palisade Wall x1 |
| 8:57 | Rex Caedis · wall_segment Palisade Wall x1 |
| 9:24 | Pirate · wall_segment Palisade Wall x1 |
| 9:24 | Pirate · wall_segment Palisade Wall x1 |
| 10:04 | Rex Caedis · wall_segment Palisade Wall x1 |
| 10:06 | Rex Caedis · wall_segment Palisade Wall x1 |
| 10:33 | Rex Caedis · age_up feudal |
| 10:38 | Rex Caedis · wall_segment Palisade Wall x1 |
| 11:00 | Pirate · age_up feudal |
| 11:02 | Pirate · first_building Archery Range |
| 11:28 | Pirate · wall_segment Palisade Wall x1 |
| 11:29 | Pirate · wall_segment Palisade Wall x7 |
| 11:55 | Rex Caedis · wall_segment Palisade Wall x1 |
| 12:14 | Rex Caedis · first_building Archery Range |
| 12:15 | Pirate · wall_segment Palisade Wall x4 |
| 12:30 | Pirate · wall_segment Palisade Wall x9 |
| 13:16 | Pirate · wall_segment Palisade Wall x1 |
| 13:19 | Pirate · wall_segment Palisade Wall x5 |
| 13:49 | Rex Caedis · wall_segment Palisade Wall x1 |
| 14:17 | Pirate · wall_segment Palisade Wall x7 |
| 14:32 | Pirate · wall_segment Palisade Wall x2 |
| 14:51 | Rex Caedis · wall_segment Stone Wall x1 |
| 14:52 | Pirate · wall_segment Palisade Wall x11 |
| 16:48 | Rex Caedis · wall_segment Stone Wall x1 |
| 16:49 | Rex Caedis · wall_segment Stone Wall x1 |
| 16:52 | Rex Caedis · wall_segment Stone Wall x1 |
| 17:39 | Rex Caedis · wall_segment Stone Wall x1 |
| 17:39 | Rex Caedis · wall_segment Stone Wall x1 |
| 17:40 | Rex Caedis · wall_segment Stone Wall x1 |
| 17:40 | Rex Caedis · wall_segment Stone Wall x1 |
| 17:55 | Rex Caedis · wall_segment Stone Wall x4 |
| 18:05 | Rex Caedis · wall_segment Stone Wall x8 |
| 18:59 | Rex Caedis · first_market_buy 100 food |
| 19:00 | Rex Caedis · first_market_sell 100 wood |
| 19:19 | Rex Caedis · wall_segment Stone Wall x1 |
| 19:21 | Rex Caedis · wall_segment Stone Wall x1 |
| 19:27 | Rex Caedis · wall_segment Stone Wall x1 |
| 19:27 | Rex Caedis · wall_segment Stone Wall x1 |
| 19:30 | Rex Caedis · wall_segment Stone Wall x9 |
| 19:34 | Rex Caedis · wall_segment Stone Wall x5 |
| 19:36 | Rex Caedis · wall_segment Stone Wall x8 |
| 19:51 | Rex Caedis · wall_segment Stone Wall x9 |
| 19:52 | Rex Caedis · wall_segment Stone Wall x1 |
| 19:53 | Rex Caedis · wall_segment Stone Wall x1 |
| 19:53 | Rex Caedis · wall_segment Stone Wall x1 |
| 19:54 | Rex Caedis · wall_segment Stone Wall x1 |
| 20:11 | Pirate · age_up castle |
| 20:14 | Pirate · first_market_sell 100 wood |
| 21:44 | Rex Caedis · age_up castle |
| 21:46 | Rex Caedis · first_building Siege Workshop |
| 23:05 | Pirate · first_market_buy 100 wood |
| 25:57 | Pirate · first_building Siege Workshop |
| 26:41 | Pirate · first_building Stable |
| 30:31 | Rex Caedis · first_building Monastery |
| 35:27 | Pirate · wall_segment Stone Wall x13 |
| 35:42 | Pirate · wall_segment Stone Wall x22 |
| 35:49 | Pirate · wall_segment Stone Wall x15 |
| 35:52 | Pirate · wall_segment Stone Wall x2 |
| 36:20 | Pirate · first_building Castle |
| 36:37 | Rex Caedis · first_building Castle |
| 38:20 | Pirate · age_up imperial |
| 38:39 | Pirate · wall_segment Stone Wall x11 |
| 38:41 | Pirate · wall_segment Stone Wall x5 |
| 38:43 | Rex Caedis · age_up imperial |
| 38:55 | Pirate · wall_segment Stone Wall x7 |
| 45:20 | Rex Caedis · wall_segment Stone Wall x1 |
| 45:20 | Rex Caedis · wall_segment Stone Wall x1 |
| 45:21 | Rex Caedis · wall_segment Stone Wall x1 |
| 45:21 | Rex Caedis · wall_segment Stone Wall x1 |
| 45:23 | Rex Caedis · wall_segment Stone Wall x3 |
| 46:01 | Rex Caedis · wall_segment Stone Wall x10 |
| 46:06 | Rex Caedis · wall_segment Stone Wall x11 |
| 47:47 | Rex Caedis · wall_segment Stone Wall x4 |
| 50:25 | Pirate · first_building Monastery |
| 51:57 | Rex Caedis · wall_segment Stone Wall x1 |
| 51:58 | Rex Caedis · wall_segment Stone Wall x10 |
| 52:11 | Rex Caedis · wall_segment Stone Wall x7 |
| 52:34 | Rex Caedis · wall_segment Stone Wall x1 |
| 52:54 | Rex Caedis · wall_segment Stone Wall x1 |
| 64:17 | Pirate · wall_segment Stone Wall x2 |
| 64:24 | Pirate · wall_segment Stone Wall x10 |
| 64:29 | Pirate · wall_segment Stone Wall x6 |
| 64:54 | Pirate · wall_segment Stone Wall x1 |
| 64:59 | Pirate · wall_segment Stone Wall x1 |
| 67:15 | Pirate · wall_segment Stone Wall x5 |
| 71:08 | Pirate · wall_segment Stone Wall x4 |
| 76:56 | Pirate · wall_segment Stone Wall x12 |
| 77:05 | Pirate · wall_segment Stone Wall x17 |
| 79:59 | Pirate · wall_segment Stone Wall x1 |
| 80:06 | Pirate · wall_segment Stone Wall x9 |
| 83:14 | Pirate · wall_segment Stone Wall x1 |
| 85:53 | Rex Caedis · wall_segment Stone Wall x1 |
| 85:55 | Rex Caedis · wall_segment Stone Wall x1 |
| 85:56 | Rex Caedis · wall_segment Stone Wall x1 |
| 85:57 | Rex Caedis · wall_segment Stone Wall x1 |
| 85:57 | Rex Caedis · wall_segment Stone Wall x1 |
| 88:14 | Pirate · wall_segment Stone Wall x1 |
| 89:30 | Rex Caedis · wall_segment Stone Wall x1 |
| 89:31 | Rex Caedis · wall_segment Stone Wall x9 |
| 89:34 | Rex Caedis · wall_segment Stone Wall x17 |
| 89:44 | Rex Caedis · wall_segment Stone Wall x7 |
| 89:46 | Rex Caedis · wall_segment Stone Wall x10 |
| 91:16 | Rex Caedis · wall_segment Stone Wall x1 |
| 91:16 | Rex Caedis · wall_segment Stone Wall x1 |
| 92:04 | Rex Caedis · wall_segment Stone Wall x1 |
| 97:03 | Pirate · resign |
[ AI ANALYSIS · 1 CREDIT ]
What really happened in this match?
Wolo.gg analyzes every decision: build order, eco, micro, common mistakes by bracket. Personalized analysis on WhatsApp or Discord in 30 seconds.
Civ guide
Teutons
Perfil
Jugador #1314256